 Dungeon Crawl Stone Soup version 0.29-a0-25-g7f48f510a0 (webtiles) character file.

Game seed: 14053690455733452924

412 funkygono the Firebug (level 6, -3/33 HPs)
             Began as a Gargoyle Fire Elementalist on Jan 31, 2022.
             Killed by divine providence
             ... invoked by an orc priest
              (13 damage)
             ... on level 3 of the Dungeon.
             The game lasted 00:03:10 (1721 turns).

funkygono the Firebug (Gargoyle Fire Elementalist)  Turns: 1721, Time: 00:03:11

Health: -3/33      AC:  9    Str: 11    XL:     6   Next: 90%
Magic:  2/12       EV: 12    Int: 18    God:
Gold:   62         SH:  0    Dex: 10    Spells: 3/13 levels left

rFire   . . .      SeeInvis .   c - +4 mace (protect)
rCold   . . .      Faith    .   (no shield)
rNeg    + . .      Spirit   .   a - +0 robe
rPois   ∞          Reflect  .   (no helmet)
rElec   +          Harm     .   (no cloak)
rCorr   .          Rampage  .   (no gloves)
Will    .....                   i - +2 pair of boots
Stlth   ++........              (no amulet)
HPRegen 0.11/turn               (no ring)
MPRegen 0.13/turn               (no ring)

@: no status effects
A: sickness immunity, AC +4, negative energy resistance 1, electricity
resistance, torment resistance 1, petrification resistance
a: no special abilities


You were on level 3 of the Dungeon.
You visited 1 branch of the dungeon, and saw 3 of its levels.

You collected 62 gold pieces.

Inventory:

Hand Weapons
 c - a +4 mace of protection (weapon)
Missiles
 e - 121 stones
Armour
 a - a +0 robe (worn)
 i - a +2 pair of boots (worn)
Wands
 m - a wand of digging (5)
Scrolls
 f - a scroll of identify {unknown}
 j - a scroll of brand weapon {unknown}
 k - a scroll of blinking {unknown}
 l - a scroll of noise {unknown}
Potions
 b - a potion of berserk rage {unknown}
 d - a potion of haste {unknown}
 g - 2 potions of attraction {unknown}
 h - a potion of curing {unknown}


   Skills:
 + Level 0.4 Fighting
 + Level 1.7 Maces & Flails
 + Level 1.8 Dodging
 - Level 2.1 Stealth
 * Level 4.1 Spellcasting
 * Level 3.1 Conjurations
 * Level 5.0 Fire Magic


You had 3 spell levels left.
You knew the following spells:

 Your Spells              Type           Power      Damage    Failure   Level
a - Foxfire               Conj/Fire      72%        2x1d7     2%          1
b - Scorch                Fire           42%        2d7       2%          2
c - Conjure Flame         Conj/Fire      18%        6-21      9%          3
d - Flame Wave            Conj/Fire      18%        2d6       26%         4

Your spell library contained the following spells:

 Spells                   Type           Power      Damage    Failure   Level
 Summon Small Mammal      Summ           12%        N/A       14%         1
 Inner Flame              Hex/Fire       12%        N/A       16%         3
 Ignite Poison            Fire/Tmut/Pois 9%         N/A       22%         3
 Call Canine Familiar     Summ           3%         N/A       41%         3
 Summon Guardian Golem    Hex/Summ       3%         N/A       41%         3
 Sticky Flame             Conj/Fire      18%        2d4       26%         4
 Iskenderun's Battlesphe  Conj           15%        2d7       73%         5
 Iron Shot                Conj/Erth      4%         9d2       100%        6
 Spellforged Servitor     Conj/Summ      4%         N/A       100%        7


Dungeon Overview and Level Annotations

Branches:
Dungeon (3/15)

Altars:

Shops:
D:1 =


Innate Abilities, Weirdness & Mutations

You are immune to sickness and miasma.
Your stone body is resilient. (AC +4)
You are immune to poison.
You resist negative energy. (rN+)
You are resistant to electric shocks. (rElec)
You are resistant to unholy torment.
You are immune to petrification.


Message History

The orc hits you with a +0 hand axe.
The orc hits your foxfire with a +0 hand axe.
The foxfire hits the orc priest but does no damage.
The orc priest is heavily wounded.
Casting: Foxfire (safe; 2% risk of failure)
Confirm with . or Enter, or press ? or * to list all spells.
You conjure some foxfire!
The orc hits you but does no damage. The orc barely misses your foxfire.
A kobold comes into view. It is wielding a +0 trident.
The foxfire hits the rat.
The rat is moderately wounded.
Casting: Foxfire (safe; 2% risk of failure)
Confirm with . or Enter, or press ? or * to list all spells.
You conjure some foxfire!
The foxfire hits the rat!
You kill the rat!
The foxfire hits the orc priest but does no damage.
The orc priest is heavily wounded.
The orc hits you but does no damage. The orc priest misses you.
You closely miss the orc priest.
The orc priest is heavily wounded.
The foxfire hits the orc priest but does no damage.
The orc priest is heavily wounded.
The foxfire hits the orc priest.
The orc priest is heavily wounded.
The orc priest barely misses you.
The kobold throws a stone.
The stone misses you. The orc closely misses you.
The orc priest hits you with a +0 mace.
You hit the orc priest.
Your weapon exudes an aura of protection.
The orc priest is almost dead.
An orc comes into view. It is wielding a +0 whip.
The orc barely misses you. The orc misses you.
The orc priest invokes the aid of Beogh against you.
Pain shoots through your body!
* * * LOW HITPOINT WARNING * * *
The orc priest begins to cast a cantrip, but forgets the words!
You see here an adder corpse.
The orc priest mumbles some strange prayers to Beogh against you.
Beogh smites you!
You die...

#...#.. #...#. ##...K #....#
##### #. #....# ....#
##o..#.)..####.. .##.#
.........†......
.##.#################o#######
.†..............@oo..........
###.##########################
#.#####...................<#
#.......####################
#########


You could see an orc priest and 2 orcs.

Vanquished Creatures
  Grinder (D:3)
  Sigmund (D:2)
  2 adders (D:3)
  2 dart slugs
  An orc (D:3)
  A bat (D:1)
  2 endoplasms (D:1)
  A giant cockroach (D:3)
  3 goblins
  3 hobgoblins
  3 kobolds
  A quokka (D:2)
  6 ball pythons
  A frilled lizard (D:2)
  2 rats
30 creatures vanquished.

Vanquished Creatures (others)
  94 foxfires
94 creatures vanquished.

Grand Total: 124 creatures vanquished

Notes
Turn   | Place    | Note
-------+----------+-------------------------------------------
     0 | D:1      | funkygono the Gargoyle Fire Elementalist began the quest
                  | for the Orb.
     0 | D:1      | Reached XP level 1. HP: 10/10 MP: 3/3
   234 | D:1      | Reached XP level 2. HP: 15/15 MP: 1/5
   314 | D:1      | Learned a level 2 spell: Scorch
   645 | D:1      | Found Xihix's Jewellery Shoppe.
  1012 | D:2      | Reached XP level 3. HP: 19/19 MP: 2/6
  1016 | D:2      | Learned a level 3 spell: Conjure Flame
  1082 | D:2      | Noticed Sigmund
  1108 | D:2      | Killed Sigmund
  1109 | D:2      | Reached skill level 1 in Maces & Flails
  1109 | D:2      | Reached skill level 4 in Fire Magic
  1109 | D:2      | Reached XP level 4. HP: 13/24 MP: 1/9
  1109 | D:2      | Reached XP level 5. HP: 16/28 MP: 1/10
  1117 | D:2      | Learned a level 4 spell: Flame Wave
  1583 | D:3      | Noticed Grinder
  1613 | D:3      | Killed Grinder
  1614 | D:3      | Reached skill level 5 in Fire Magic
  1614 | D:3      | Reached XP level 6. HP: 29/33 MP: 3/12
  1721 | D:3      | Killed from afar by an orc priest

Illustrated notes

Levels and vault maps discovered:
D:1:      dpeg_arrival_simpleton_b, layout_rooms, serial_shops,
          nicolae_shop_trees, minmay_pentomino_s4
D:2:      layout_rooms, uniq_sigmund
D:3:      minmay_recursive_quarters, layout_basic, minivault_5, uniq_grinder

Skill      XL: |  1  2  3  4  5 |
---------------+----------------+-----
Maces & Flails | 1 |  1.7
Spellcasting   | 3 4 |  4.1
Conjurations   | 2 3 |  3.1
Fire Magic     | 4 5 |  5.0
Fighting       | |  0.4
Dodging        | |  1.8
Stealth        | |  2.1

Action                   |  1- 3 |  4- 6 || total
-------------------------+-------+-------++-------
Melee: Mace              |    14 |    14 ||    28
 Cast: Foxfire           |    35 |    25 ||    60
       Scorch            |     3 |     3 ||     6
Armor: Robe              |     7 |     6 ||    13
Dodge: Dodged            |     9 |    18 ||    27

Table legend: (Time is in decaauts)
 A = Elapsed time spent in this place.
 B = Non-inter-level travel time spent in this place.
 C = Inter-level travel time spent in this place.
 D = Time resting spent in this place.
 E = Time spent auto-exploring this place.
 F = Levels seen in this place.
 G = Mean time per level.
                   A        B        C        D        E       F      G
               +--------+--------+--------+--------+--------+-----+--------+
         Total |   1730 |   1679 |     51 |     27 |   1290 |   3 |  576.7 |
       Dungeon |   1730 |   1679 |     51 |     27 |   1290 |   3 |  576.7 |
               +--------+--------+--------+--------+--------+-----+--------+

Top non-repeatable levels by time:
     D:2: 745 daAuts
     D:1: 725 daAuts
     D:3: 259 daAuts
